 Dungeon Crawl Stone Soup version 0.29-a0-1047-g7c58e119a4 (webtiles) character file.

Game seed: 13228109048921949116

921 Zeldest the Stinger (level 8, 0/67 HPs)
             Began as a Meteoran Venom Mage on Aug 16, 2022.
             Was an Initiate of Cheibriados.
             Succumbed to a water moccasin's poison
             ... on level 5 of the Dungeon.
             The game lasted 00:09:40 (1031 turns).

Zeldest the Stinger (Meteoran Venom Mage)           Turns: 1031, Time: 00:09:40

Health: 0/67       AC:  2    Str:  9 (12) XL:     8   Next: 57%
Magic:  10/17      EV: 12    Int: 18 (19) God:    Cheibriados [......]
Gold:   16         SH:  0    Dex: 12 (15) Spells: 8/18 levels left

rFire   . . .      SeeInvis .   c - +0 dagger
rCold   . . .      Faith    .   (no shield)
rNeg    . . .      Spirit   .   a - +0 robe
rPois   .          Reflect  .   (no helmet)
rElec   .          Harm     .   (no cloak)
rCorr   .          Rampage  .   (no gloves)
Will    +....                   (no boots)
Stlth   +.........              (no amulet)
HPRegen 0.21/turn               (no ring)
MPRegen 0.15/turn               (no ring)

@: lethally poisoned (0 -> -10), glowing, very slow
A: sense surroundings 1, otherworldly, glowing, explore regen
a: Renounce Religion


You were on level 5 of the Dungeon.
You worshipped Cheibriados.
Cheibriados was noncommittal.
You visited 1 branch of the dungeon, and saw 5 of its levels.

You collected 16 gold pieces.

Inventory:

Hand Weapons
 c - a +0 dagger (weapon)
Armour
 a - a +0 robe (worn)
Magical Staves
 l - a staff of fire
Scrolls
 e - 2 scrolls of identify
 f - 2 scrolls of magic mapping
Potions
 b - a potion of magic


   Skills:
 + Level 4.7 Fighting
 - Level 2.4 Dodging
 - Level 1.4 Stealth
 + Level 5.9 Spellcasting
 - Level 1.2 Transmutations
 + Level 4.7 Air Magic
 + Level 6.4 Poison Magic
 + Level 1.6 Invocations


You had 8 spell levels left.
You knew the following spells:

 Your Spells              Type           Power      Damage    Failure   Level
a - Sting                 Tmut/Pois      76%        1d6       2%          1
b - Poisonous Vapours     Pois/Air       50%        N/A       1%          2
c - Olgreb's Toxic Radia  Pois           28%        N/A       9%          4
d - Mephitic Cloud        Conj/Pois/Air  18%        N/A       8%          3

Your spell library contained the following spells:

 Spells                   Type           Power      Damage    Failure   Level


Dungeon Overview and Level Annotations

Branches:
Dungeon (5/15) Zot: 2977
 Temple: D:4-7

Altars:
Ashenzari
Cheibriados
Fedhas
Kikubaaqudgha
Nemelex Xobeh
Zin

Shops:
D:4 ?

Annotations:
D:4 Menkaure
D:5 Sigmund


Innate Abilities, Weirdness & Mutations

You passively map a small area around you.
You are easily found by Zot.
You glow in the dark.
You regain HP and MP as you explore.


Message History

The water moccasin bites you.
You are more poisoned.
The water moccasin poisons you!
As you read the scroll of butterflies, it crumbles to dust.
You hear the tinkle of a tiny bell.
You feel very sick. The water moccasin bites you.
You are lethally poisoned!
The water moccasin poisons you! Sigmund closely misses your butterfly.
You swap places.
You feel extremely sick. The water moccasin closely misses you.
You swap places.
* * * LOW HITPOINT WARNING * * *
You feel very sick.
The water moccasin bites your butterfly!
Your butterfly dies!
Your butterfly disappears in a burst of colours!
Sigmund barely misses your butterfly.
The water moccasin bites your butterfly.
Your butterfly dies!
Your butterfly disappears in a burst of colours!
Okay, then.
You swap places.
* * * LOW HITPOINT WARNING * * *
You feel very sick.
* * * LOW HITPOINT WARNING * * *
You feel very sick. Sigmund closely misses your butterfly.
* * * LOW HITPOINT WARNING * * *
You feel very sick. The water moccasin closely misses you.
Sigmund closely misses your butterfly.
Your magical contamination has completely faded away.
The water moccasin attacks as you move away!
The water moccasin closely misses you.
* * * LOW HITPOINT WARNING * * *
You feel very sick. The water moccasin bites you.
* * * LOW HITPOINT WARNING * * *
You die...

... ..# * #.##.##.#
, #....<..# * #<.#
########### * ,
#..###.#.....#.
#..#..##..b.# *..
,, #.....@.bbb.# .#
, , *
.....#..##.b.b###.#
*
........###.#.S.@.#
..####.## #.#######
* . , ..# #.# ####
#+# * * * , *, * ,
, * , , , ,,, *


You could see a water moccasin (ally target).

Vanquished Creatures
  Pikel (D:4)
  Prince Ribbit (D:5)
  An ice beast (D:3)
  3 lemures (D:4)
  A scorpion (D:4)
  A hound (D:4)
  4 adders
  An ufetubus (D:4)
  2 worms
  4 orcs (D:4)
  3 ball pythons
  An endoplasm (D:2)
  2 giant cockroaches
  3 hobgoblins
  A quokka (D:3)
  2 bats
  A frilled lizard (D:1)
  5 kobolds
  2 rats (D:3)
39 creatures vanquished.

Notes
Turn   | Place    | Note
-------+----------+-------------------------------------------
     0 | D:1      | Zeldest the Meteoran Venom Mage began the quest for the
                  | Orb.
     0 | D:1      | Reached XP level 1. HP: 14/14 MP: 5/5
   127 | D:2      | Reached XP level 2. HP: 12/22 MP: 0/7
   192 | D:3      | Reached skill level 1 in Fighting
   269 | D:2      | Reached skill level 4 in Poison Magic
   269 | D:2      | Reached XP level 3. HP: 5/28 MP: 3/8
   369 | D:3      | Learned a level 2 spell: Poisonous Vapours
   403 | D:3      | Reached XP level 4. HP: 29/36 MP: 5/10
   429 | D:3      | Found a glowing silver altar of Zin.
   429 | D:3      | Found a sparkling altar of Nemelex Xobeh.
   434 | D:3      | Found a blossoming altar of Fedhas.
   436 | D:3      | Found a faded altar of an unknown god.
   437 | D:3      | Found a faded altar of an unknown god.
   555 | D:3      | Noticed an ice beast
   574 | D:3      | Killed an ice beast
   575 | D:3      | Reached XP level 5. HP: 28/42 MP: 4/12
   667 | D:3      | Learned a level 4 spell: Olgreb's Toxic Radiance
   677 | D:4      | Reached XP level 6. HP: 49/50 MP: 6/13
   706 | D:4      | Found a broken altar of Ashenzari.
   748 | D:4      | Found Obluynn's Magic Scroll Boutique.
   760 | D:4      | Noticed Menkaure
   764 | D:4      | Reached skill level 5 in Poison Magic
   803 | D:4      | Noticed Pikel
   824 | D:4      | Killed Pikel
   825 | D:4      | Reached skill level 5 in Spellcasting
   825 | D:4      | Reached skill level 6 in Poison Magic
   825 | D:4      | Reached XP level 7. HP: 19/60 MP: 2/16
   825 | D:4      | Reached XP level 8. HP: 21/67 MP: 2/17
   941 | D:4      | Found an ancient bone altar of Kikubaaqudgha.
   945 | D:4      | Found a snail-covered altar of Cheibriados.
   953 | D:4      | Became a worshipper of Cheibriados the Contemplative
   958 | D:4      | Learned a level 3 spell: Mephitic Cloud
  1009 | D:5      | Entered Level 5 of the Dungeon
  1012 | D:5      | Noticed Prince Ribbit
  1018 | D:5      | Noticed Sigmund
  1020 | D:5      | Killed Prince Ribbit
  1021 | D:5      | Reached skill level 1 in Invocations
  1030 | D:5      | HP: 1/67 [water moccasin (3)]
  1031 | D:5      | Succumbed to a water moccasin's poison

Illustrated notes

Levels and vault maps discovered:
D:1:      scummos_arrival_star, layout_basic, basic_ecumenical_altar,
          minmay_tall_x
D:2:      layout_basic, minmay_fountain_box
D:3:      layout_loops_cross, chequers_temple_overflow_minitemple
D:4:      layout_loops_corners, grunt_temple_overflow_open,
          cheibrodos_ashenzari_chains, serial_shops,
          nicolae_inconvenience_store, minivault_24, uniq_pikel, uniq_menkaure,
          uniq_edmund
D:5:      layout_loops_corners, minmay_temple_entry_junction_2,
          gup_sewer_entry_spiral, uniq_ijyb, uniq_blork_the_orc,
          uniq_prince_ribbit1, uniq_sigmund

Skill      XL: |  1  2  3  4  5  6  7  8 |
---------------+-------------------------+-----
Spellcasting   | 3 4 5 |  5.9
Fighting       | 1 2 4 |  4.7
Poison Magic   | 4 6 |  6.4
Air Magic      | 2 4 |  4.7
Invocations    | 1 |  1.6
Dodging        | |  2.4
Stealth        | |  1.4
Transmutations | |  1.2

Action                   |  1- 3 |  4- 6 |  7- 9 || total
-------------------------+-------+-------+-------++-------
Melee: Dagger            |     3 |    31 |     9 ||    43
       Punch             |       |     1 |       ||     1
 Cast: Sting             |    32 |    21 |     3 ||    56
       Poisonous Vapours |     3 |     4 |     4 ||    11
       Olgreb's Toxic Ra |       |     7 |     1 ||     8
       Mephitic Cloud    |       |       |     1 ||     1
  Use: Potion            |       |     3 |     1 ||     4
       Scroll            |       |     5 |     2 ||     7
Armor: Robe              |     3 |     5 |       ||     8
       Skin              |       |    19 |       ||    19
Dodge: Dodged            |    20 |    20 |     7 ||    47

Table legend: (Time is in decaauts)
 A = Elapsed time spent in this place.
 B = Non-inter-level travel time spent in this place.
 C = Inter-level travel time spent in this place.
 D = Time resting spent in this place.
 E = Time spent auto-exploring this place.
 F = Levels seen in this place.
 G = Mean time per level.
                   A        B        C        D        E       F      G
               +--------+--------+--------+--------+--------+-----+--------+
         Total |   1045 |   1026 |     19 |     37 |      0 |   5 |  209.0 |
       Dungeon |   1045 |   1026 |     19 |     37 |      0 |   5 |  209.0 |
               +--------+--------+--------+--------+--------+-----+--------+

Top non-repeatable levels by time:
     D:3: 399 daAuts
     D:4: 354 daAuts
     D:2: 204 daAuts
     D:1: 63 daAuts
     D:5: 24 daAuts
